 Dungeon Crawl Stone Soup version 0.25.1-2-g60ff931df9 (webtiles) character file.

Game seed: 8485722493294258329

6904 Delamore the Basher (level 11, -8/60 HPs)
             Began as a Gargoyle Fighter on Aug 11, 2020.
             Was a High Priest of Okawaru.
             Splashed by Maurice's acid (10 damage)
             ... on level 9 of the Dungeon.
             The game lasted 00:11:42 (8594 turns).

Delamore the Basher (Gargoyle Fighter)              Turns: 8594, Time: 00:11:43

Health: -8/60      AC: 22    Str: 28    XL:     11   Next: 6%
Magic:  9/9        EV:  9    Int: 14    God:    Okawaru [*****.]
Gold:   366        SH: 12    Dex:  9    Spells: 10/10 levels left

rFire    . . .     SeeInvis .   G - +8 flail of the Thoughtful Heavens {drain, Int+6}
rCold    . . .     Gourm    .   c - +0 kite shield
rNeg     + . .     Faith    .   g - +5 ring mail of Makhleb's Respect {*Drain rElec Stlth+}
rPois    ∞         Spirit   .   k - +0 helmet
rElec    +         Reflect  .   (no cloak)
rCorr    .         Harm     .   i - +1 pair of gloves
MR       +....                  (no boots)
Stlth    +.........             (no amulet)
HPRegen  0.20/turn              z - ring of protection from magic
MPRegen  0.11/turn              w - +6 ring of strength

@: no status effects
A: low mp 1, negative energy resistance 1, electricity resistance, weak 1,
unbreathing, petrification resistance, rot immunity, AC +8
a: Heroism, Finesse, Renounce Religion


You were on level 9 of the Dungeon.
You worshipped Okawaru.
Okawaru was extremely pleased with you.
You were not hungry.

You visited 2 branches of the dungeon, and saw 10 of its levels.
You also visited: Sewer and Ossuary.

You collected 402 gold pieces.
You spent 36 gold pieces at shops.

Inventory:

Hand Weapons
 G - the +8 flail of the Thoughtful Heavens (weapon) {drain, Int+6}
   (You found it on level 7 of the Dungeon)

   A truly terrible weapon, it drains the life of those it strikes.
   It affects your intelligence (+6).
Missiles
 s - 14 boomerangs (quivered)
Armour
 c - a +0 kite shield (worn)
 g - the +5 ring mail of Makhleb's Respect (worn) {*Drain rElec Stlth+}
   (You found it on level 5 of the Dungeon)

   It insulates you from electricity.
   It causes draining when unequipped.
   It makes you more stealthy.
 i - a +1 pair of gloves (worn)
 k - a +0 helmet (worn)
Jewellery
 a - an uncursed ring of ice
 h - an uncursed ring of positive energy
 w - a +6 ring of strength (right hand)
 z - a ring of protection from magic (left hand)
Wands
 b - a wand of disintegration (11)
 H - a wand of polymorph (3)
 I - a wand of clouds (5)
Scrolls
 l - 3 scrolls of blinking
 m - a scroll of fear
 p - a scroll of vulnerability
 t - 2 scrolls of immolation
 u - 2 scrolls of remove curse
 x - a scroll of silence {unknown}
 y - 7 scrolls of teleportation {unknown}
 B - 2 scrolls of amnesia {unknown}
 D - 5 scrolls of enchant weapon
 F - a scroll of enchant armour
 J - a scroll of acquirement {unknown}
 K - a scroll of fog {unknown}
 O - a scroll of noise {unknown}
Potions
 d - a potion of might
 e - 6 potions of curing
 j - a potion of invisibility {unknown}
 n - 6 potions of haste
 o - 3 potions of flight
 q - 3 potions of heal wounds
 r - a potion of cancellation {unknown}
 v - 4 potions of degeneration {unknown}
 A - a potion of brilliance
 C - 3 potions of lignification {unknown}
 E - 2 potions of stabbing {unknown}
 L - a potion of resistance {unknown}
Comestibles
 f - 26 rations


   Skills:
 - Level 3.2 Fighting
 - Level 14.0 Maces & Flails
 - Level 3.2 Armour
 + Level 9.6 Shields


You had 10 spell levels left.
You didn't know any spells.
Your spell library contained the following spells:

 Spells                   Type           Power        Failure   Level  Hunger
 Animate Skeleton         Necr           N/A          63%         1    ##.....
 Pain                     Necr           #...         63%         1    ##.....
 Sandblast                Erth           #.....       63%         1    ##.....
 Corpse Rot               Necr/Air       N/A          77%         2    ###....
 Passwall                 Tmut/Erth      #.......     77%         2    ###....
 Dazzling Flash           Conj/Hex       #.....       94%         3    ####...
 Mephitic Cloud           Conj/Pois/Air  #.......     94%         3    ####...
 Stone Arrow              Conj/Erth      #.....       94%         3    ####...
 Vampiric Draining        Necr           #.........   94%         3    ####...
 Animate Dead             Necr           N/A          100%        4    #####..
 Petrify                  Tmut/Erth      #.......     100%        4    #####..
 Summon Lightning Spire   Summ/Air       #.......     100%        4    #####..
 Agony                    Necr           #.......     100%        5    ######.
 Lee's Rapid Deconstruct  Erth           #.........   100%        5    ######.
 Orb of Destruction       Conj           #.........   100%        7    #######


Dungeon Overview and Level Annotations

Branches:
Dungeon (9/15)             Temple (1/1) D:5            Lair (0/6) D:9
    Orc (0/2) D:9           Sewer (visited)         Ossuary (visited)

Altars:
Ashenzari
Cheibriados
Dithmenos
Elyvilon
Gozag
Kikubaaqudgha
Makhleb
Nemelex Xobeh
Okawaru
Qazlal
Ru
Sif Muna
Trog
Uskayaw
Vehumet
Wu Jian
Xom
Yredelemnul
The Shining One
Beogh

Shops:
D:6 *   D:8 (

Annotations:
D:9 Maurice


Innate Abilities, Weirdness & Mutations

You are resistant to torment.
Your stone body is resilient. (AC +8)
You are immune to poison.
You resist negative energy. (rN+)
You are resistant to electric shocks. (rElec)
You can survive without breathing.
You are immune to petrification.
You are immune to rotting.
Your magical capacity is low. (-10% MP)
You are weak. (Str -2)


Message History

Okawaru accepts your kill. Something hits you.
Something steals the +6 dire flail of Magnificence {speed, MR+ Int+4}!
You miss something. You closely miss something. You block something's attack.
You barely miss something. Something hits you but does no damage.
You closely miss something. Something hits you but does no damage.
You miss something. You closely miss something.
You hear a zap.
A bolt of acid appears from out of thin air!
The bolt of acid hits you but does no damage.
You are splashed with acid!!
You sock something!
You hear a zap.
A bolt of acid appears from out of thin air!
The bolt of acid hits you!!
* * * LOW HITPOINT WARNING * * *
You are splashed with acid!
You die...

#..........# #........
#....>.....# #........
#..........# #........
#.....!....+ +........
#..........# #.......†
#.>........# #.......)
#..........# #........
#{# #####+### ##@#
#...# #..# ###.#
#####'####### ###'#
#...........# #....
#.....†.....#### #[...
#......<....'..####....
#...........##....#....
#...........#####.'....
############# ###....


There were no monsters in sight!

Vanquished Creatures
  A two-headed ogre (D:8)
  The ghost of harlaan the Thaumaturge, a novice DESu of Sif Muna (D:8)
  A queen bee (D:8)
  2 hippogriffs (D:8)
  5 yaks (D:9)
  3 wargs (D:9)
  Edmund (D:5)
  An acid dragon (D:9)
  An eye of draining (D:9)
  A hornet zombie (D:7)
  An orc warrior (D:8)
  A sky beast (D:9)
  An ice beast (D:9)
  A black bear (D:6)
  A necrophage (D:7)
  2 ogres
  A phantom (D:9)
  3 centaurs
  3 bullfrogs
  2 scorpions
  15 killer bees (D:8)
  3 wights (D:8)
  2 crimson imps
  A bullfrog zombie (D:6)
  2 centaur zombies (Ossuary)
  3 centaur skeletons
  A jelly (D:8)
  4 orc wizards
  A human zombie (Ossuary)
  2 orc priests
  3 hounds
  Terence (D:3)
  An iguana (D:5)
  8 worker ants
  2 ogre zombies (Ossuary)
  A hound zombie (D:6)
  5 mummies (Ossuary)
  A howler monkey zombie (D:5)
  12 adders
  A river rat (D:5)
  A shadow imp (D:6)
  7 oozes (Sewer)
  An adder skeleton (D:6)
  4 adder zombies
  2 worms
  2 dart slugs (D:1)
  14 leopard geckos
  35 orcs
  13 ball pythons
  16 giant cockroaches
  3 gnoll zombies
  8 goblins
  8 hobgoblins
  6 jackals
  5 quokkas
  A ball python skeleton (D:4)
  7 bats
  15 frilled lizards
  4 goblin zombies (Ossuary)
  3 hobgoblin zombies (Ossuary)
  8 kobolds
  4 kobold zombies (Ossuary)
  2 leopard gecko skeletons (D:4)
  2 quokka skeletons
  4 quokka zombies (Ossuary)
  10 rats
  3 rat zombies (Ossuary)
290 creatures vanquished.

Vanquished Creatures (others)
  The ghost of Quickbrownfox the Stinger, a novice OpVM of Gozag (D:5)
  A hippogriff (D:5)
  2 centaur zombies
  A quasit (D:7)
  A human zombie (Ossuary)
  An orc priest (D:5)
  An orc wizard (D:6)
  A worker ant (D:7)
  2 mummies (Ossuary)
  An ooze (Sewer)
  An adder zombie (Ossuary)
  A leopard gecko (Sewer)
  4 orcs
  A giant cockroach (Sewer)
  A goblin (D:2)
  A jackal (D:3)
21 creatures vanquished.

Grand Total: 311 creatures vanquished

Notes
Turn   | Place    | Note
-------+----------+-------------------------------------------
     0 | D:1      | Delamore the Gargoyle Fighter began the quest for the Orb.
     0 | D:1      | Reached XP level 1. HP: 14/14 MP: 1/1
   127 | D:1      | Reached XP level 2. HP: 11/19 MP: 2/2
   286 | D:1      | Reached skill level 3 in Maces & Flails
   468 | D:1      | Reached XP level 3. HP: 15/23 MP: 3/3
  1212 | D:2      | Reached skill level 4 in Maces & Flails
  1324 | D:2      | Found a radiant altar of Vehumet.
  1343 | D:2      | Reached XP level 4. HP: 28/28 MP: 4/4
  1402 | D:2      | Found a shimmering blue altar of Sif Muna.
  2275 | D:3      | Noticed Terence
  2283 | D:3      | Killed Terence
  2283 | D:3      | Reached skill level 5 in Maces & Flails
  2283 | D:3      | Reached XP level 5. HP: 29/32 MP: 5/5
  2773 | D:4      | Reached skill level 6 in Maces & Flails
  2773 | D:4      | Reached XP level 6. HP: 35/37 MP: 6/6
  3486 | D:5      | Entered Level 5 of the Dungeon
  3497 | D:5      | Found a runed translucent gate.
  3498 | D:5      | Found a staircase to the Ecumenical Temple.
  3499 | D:5      | Found a runed translucent gate.
  3500 | D:5      | Found a runed translucent gate.
  3507 | Temple   | Entered the Ecumenical Temple
  3551 | Temple   | Became a worshipper of Warmaster Okawaru
  3601 | D:5      | Got an encrusted ring mail
  3622 | D:5      | Found a glowing drain.
  3639 | Sewer    | Entered a sewer
  3668 | Sewer    | Identified the +5 ring mail of Makhleb's Respect {*Drain
                  | rElec Stlth+} (You found it on level 5 of the Dungeon)
  3880 | Sewer    | Reached skill level 7 in Maces & Flails
  4240 | Sewer    | Reached XP level 7. HP: 41/41 MP: 7/7
  4297 | Sewer    | Reached skill level 8 in Maces & Flails
  4306 | Sewer    | Reached * piety under Okawaru
  4424 | D:5      | Noticed Edmund
  4439 | D:5      | Killed Edmund
  4508 | D:5      | Noticed Quickbrownfox's ghost (novice OpVM)
  4512 | D:5      | Found a roughly hewn altar of Beogh.
  4532 | D:5      | Banished Quickbrownfox's ghost
  4532 | D:5      | Reached skill level 9 in Maces & Flails
  4532 | D:5      | Reached XP level 8. HP: 26/46 MP: 8/8
  4721 | D:5      | Found a shadowy altar of Dithmenos.
  4807 | D:5      | Noticed a hippogriff
  4818 | D:5      | Banished a hippogriff
  4940 | D:5      | Found a basalt altar of Yredelemnul.
  5024 | D:6      | Found Ewnob's General Store.
  5032 | D:6      | Bought a potion of curing for 36 gold pieces
  5059 | D:6      | Reached skill level 10 in Maces & Flails
  5240 | D:6      | Found a sand-covered staircase.
  5251 | Ossuary  | Entered an ossuary
  5309 | Ossuary  | Reached ** piety under Okawaru
  5327 | Ossuary  | Reached skill level 11 in Maces & Flails
  5386 | Ossuary  | Reached XP level 9. HP: 51/51 MP: 9/9
  5746 | D:6      | Found an ancient bone altar of Kikubaaqudgha.
  5873 | D:6      | Found a burning altar of Makhleb.
  5874 | D:6      | Found a glowing golden altar of the Shining One.
  5940 | D:6      | Found a stormy altar of Qazlal.
  6764 | D:7      | Got a warped flail
  6765 | D:7      | Identified the +8 flail of the Thoughtful Heavens {drain,
                  | Int+6} (You found it on level 7 of the Dungeon)
  6796 | D:7      | Gained mutation: You are weak. (Str -2) [mutagenic glow]
  6851 | D:7      | Gained mutation: Your magical capacity is low. (-10% MP)
                  | [mutagenic glow]
  6986 | D:8      | Found a transporter.
  6990 | D:8      | Reached skill level 12 in Maces & Flails
  6999 | D:8      | Noticed harlaan's ghost (novice DESu)
  7001 | D:8      | Identified the +6 dire flail of Magnificence {speed, MR+
                  | Int+4}
  7001 | D:8      | Noticed a two-headed ogre
  7009 | D:8      | Found a transporter.
  7170 | D:8      | Noticed a queen bee
  7182 | D:8      | Killed a queen bee
  7182 | D:8      | Reached *** piety under Okawaru
  7191 | D:8      | Reached skill level 13 in Maces & Flails
  7217 | D:8      | Reached XP level 10. HP: 25/56 MP: 9/9
  7596 | D:8      | Identified Suschich's Disquisition on Harmful Lightness
  7702 | D:8      | Found Gamyatet's Weapon Shoppe.
  7721 | D:8      | Reached **** piety under Okawaru
  7861 | D:8      | Found a sparkling altar of Nemelex Xobeh.
  8052 | D:8      | Killed a two-headed ogre
  8052 | D:8      | Reached skill level 14 in Maces & Flails
  8052 | D:8      | Reached skill level 5 in Shields
  8057 | D:8      | Killed harlaan's ghost
  8208 | D:9      | Found a shimmering altar of Xom.
  8307 | D:9      | Reached ***** piety under Okawaru
  8310 | D:9      | Found a staircase to the Lair.
  8455 | D:9      | Found a staircase to the Orcish Mines.
  8551 | D:9      | Noticed Maurice
  8578 | D:9      | Reached XP level 11. HP: 60/60 MP: 9/9
  8585 | D:9      | Received a gift from Okawaru
  8594 | D:9      | HP: 2/60 [something/bolt of acid (23)]
  8594 | D:9      | Splashed by Maurice's acid

Illustrated notes

Levels and vault maps discovered:
D:1:      dpeg_arrival_leaves_temple_mockup, layout_rooms,
          grunt_decor_one_mirror, minmay_pentomino_u4
D:2:      layout_loops_ring, overflow_temple_1_default,
          nicolae_overflow_hidden_temple
D:3:      layout_basic, first_ration, uniq_terence
D:4:      layout_basic, minivault_27, kennysheep_opposing_triangles
D:5:      layout_rooms, old_standard_altar, lemuel_zombie_altar_yredelemnul,
          minmay_temple_entry_statues, cheibrodos_sewer_entry_sluice,
          biasface_ghost_orc_armoury, uniq_edmund
D:6:      layout_gridville, gammafunk_temple_overflow_statue,
          lemuel_crystal_altar, serial_shops, shop,
          nicolae_ossuary_entry_monument, nicolae_qazlal_eye_of_the_storm
D:7:      layout_basic
D:8:      layout_rooms, gammafunk_ghost_smash, serial_shops, shop,
          david_nohive_1, nemelex_spade_bored_becter
D:9:      layout_roguey, lemuel_round_altar, erik_lair_orcish_takeover,
          orc_0_dummy, minmay_holes, xom_teletrap_fun, uniq_maurice
Temple:   jpeg_temple_clearing

Skill      XL: |  1  2  3  4  5  6  7  8  9 10 |
---------------+-------------------------------+-----
Maces & Flails | 3 4 5 6 7 9 11 13 14 | 14.0
Shields        | 9 |  9.6
Fighting       | |  3.2
Armour         | |  3.2

Action                   |  1- 3 |  4- 6 |  7- 9 | 10-12 || total
-------------------------+-------+-------+-------+-------++-------
Melee: Flail             |   200 |    47 |    70 |   170 ||   487
       Whip              |       |   315 |   292 |       ||   607
Throw: Boomerang         |       |       |       |     3 ||     3
Invok: Heroism           |       |       |       |     1 ||     1
  Use: Scroll            |       |     8 |     6 |       ||    14
       Potion            |       |       |     1 |       ||     1
 Stab: Sleeping          |       |       |     5 |     1 ||     6
  Eat: Chunk             |     2 |    10 |     9 |     5 ||    26
Armor: Scale mail        |   152 |    45 |       |       ||   197
       Chain mail        |       |    43 |       |       ||    43
       Ring mail         |       |    86 |   141 |    65 ||   292
Dodge: Dodged            |    90 |    91 |    95 |    42 ||   318
Block: Kite shield       |   170 |   173 |   141 |    59 ||   543
